 Dungeon Crawl Stone Soup version 0.28-a0-851-g8b9cc49659 (webtiles) character file.

Game seed: 9949697273445539976

43 jasper the Stinger (level 3, -3/19 HPs)
             Began as a Deep Elf Venom Mage on Nov 14, 2021.
             Slain by an ogre (9 damage)
             ... on level 2 of the Dungeon.
             The game lasted 00:04:24 (1797 turns).

jasper the Stinger (Deep Elf Venom Mage)            Turns: 1797, Time: 00:04:25

Health: -3/19      AC:  3    Str:  5    XL:     3   Next: 37%
Magic:  4/9        EV: 12    Int: 20    God:
Gold:   58         SH:  0    Dex: 15    Spells: 7/8 levels left

rFire   . . .      SeeInvis .   e - +1 dagger (venom)
rCold   . . .      Faith    .   (no shield)
rNeg    . . .      Spirit   .   a - +0 robe
rPois   .          Reflect  .   (no helmet)
rElec   .          Harm     .   g - +0 cloak
rCorr   .          Rampage  .   (no gloves)
Will    .....                   (no boots)
Stlth   ++........              (no amulet)
HPRegen 0.06/turn               (no ring)
MPRegen 0.11/turn               (no ring)

@: very slightly contaminated
A: no striking features
a: no special abilities


You were on level 2 of the Dungeon.
You visited 1 branch of the dungeon, and saw 3 of its levels.

You collected 58 gold pieces.

Inventory:

Hand Weapons
 e - a +1 dagger of venom (weapon)
Missiles
 c - 58 stones
Armour
 a - a +0 robe (worn)
 g - a +0 cloak (worn)
Potions
 b - a potion of flight
 h - a potion of heal wounds


   Skills:
 - Level 2.4 Dodging
 - Level 2.4 Stealth
 - Level 3.0 Spellcasting
 - Level 1.1 Transmutations
 + Level 4.9 Poison Magic


You had 7 spell levels left.
You knew the following spells:

 Your Spells              Type           Power      Damage    Failure   Level
a - Sting                 Tmut/Pois      60%        1d6       4%          1

Your spell library contained the following spells:

 Spells                   Type           Power      Damage    Failure   Level
 Poisonous Vapours        Pois/Air       24%        N/A       8%          2
 Beastly Appendage        Tmut           14%        N/A       9%          1
 Spider Form              Tmut/Pois      15%        N/A       12%         3
 Wereblood                Tmut           7%         N/A       14%         2
 Olgreb's Toxic Radiance  Pois           22%        N/A       19%         4
 Mephitic Cloud           Conj/Pois/Air  9%         N/A       22%         3


Dungeon Overview and Level Annotations

Branches:
Dungeon (3/15)

Altars:


Message History

The sting hits the worm.
The worm looks as sick as possible!
The worm is moderately wounded.
An ogre comes into view. It is wielding a +0 giant club.
You now have 5/9 mp.
Aiming: Sting (safe; 4% risk of failure)
Press: ? - help, Q - select action, (/) - cycle Shift-Dir - straight line, f/p - worm
Aim: a worm (moderately wounded, extremely poisoned, 91% to hit)
The sting hits the worm.
The worm looks as sick as possible!
The worm is heavily wounded.
The worm bites you.
You take 3 damage, and have 16/19 hp.
You now have 4/9 mp.
The ogre closely misses you. The worm barely misses you.
You climb upwards.
There is a stone staircase leading down here.
You aren't carrying any scrolls.
Unknown command.
Casting: Sting (safe; 4% risk of failure)
Confirm with . or Enter, or press ? or * to list all spells.
Aiming: Sting (safe; 4% risk of failure)
Press: ? - help, Shift-Dir - straight line, f - ogre
Aim: an ogre, wielding a +0 giant club (88% to hit)
The sting hits the ogre but does no damage.
The ogre is poisoned.
You kill the worm!
The ogre hits you with a +0 giant club!
Ouch! That really hurt!
* * * LOW HITPOINT WARNING * * *
You take 11 damage, and have 5/19 hp.
MASSIVE DAMAGE!!
Things that are here:
4 stones; a +0 dagger; a worm corpse The ogre looks more healthy.
Aiming: Sting (safe; 4% risk of failure)
Press: ? - help, Q - select action, (/) - cycle Shift-Dir - straight line, f/p - ogre
Aim: an ogre, wielding a +0 giant club (heavily wounded, 88% to hit)
You miscast Sting.
You are very lightly contaminated with residual magic.
Nothing appears to happen.
You now have 4/9 mp.
The ogre hits you with a +0 giant club!
You die...

.........# #.# #......#.# #
####...#.###.####.####.#.# #
##.##.................########
#.######.####.####..........#
#># #.# #.# ##########.# #(#
##.# #.# #.# #.# #..# #.# #.#
#.#####.#####.# #.#
#..........O@.# #.#
#######.####### #.# #.# ####..
#.# #.....
#.################.####
#..................#
####################


You could see an ogre.

Vanquished Creatures
  An adder (D:2)
  3 worms (D:2)
  A dart slug (D:3)
  3 endoplasms
  2 goblins
  4 hobgoblins
  4 ball pythons
  3 kobolds
21 creatures vanquished.

Notes
Turn   | Place    | Note
-------+----------+-------------------------------------------
     0 | D:1      | jasper the Deep Elf Venom Mage began the quest for the Orb.
     0 | D:1      | Reached XP level 1. HP: 10/10 MP: 6/6
   707 | D:2      | Reached XP level 2. HP: 13/15 MP: 8/8
   808 | D:2      | Reached skill level 4 in Poison Magic
  1200 | D:2      | Reached XP level 3. HP: 15/19 MP: 4/9
  1778 | D:3      | Noticed an ogre
  1797 | D:2      | Slain by an ogre

Illustrated notes

Levels and vault maps discovered:
D:1:      dpeg_arrival_connections, layout_loops_ring
D:2:      layout_loops_ring
D:3:      layout_loops_ring, old_standard_altar,
          hellmonk_ecumenical_altar_arch_garden, uniq_robin

Skill      XL: |  1  2 |
---------------+-------+-----
Poison Magic   | 4 |  4.9
Dodging        | |  2.4
Stealth        | |  2.4
Spellcasting   | |  3.0
Transmutations | |  1.1

Action                   || total
-------------------------++-------
Melee: Dagger            ||     2
Throw: Dart              ||     7
       Stone             ||     3
 Cast: Sting             ||    45
  Use: Scroll            ||     4
Dodge: Dodged            ||    10

Table legend: (Time is in decaauts)
 A = Elapsed time spent in this place.
 B = Non-inter-level travel time spent in this place.
 C = Inter-level travel time spent in this place.
 D = Time resting spent in this place.
 E = Time spent auto-exploring this place.
 F = Levels seen in this place.
 G = Mean time per level.
                   A        B        C        D        E       F      G
               +--------+--------+--------+--------+--------+-----+--------+
         Total |   1798 |   1699 |     99 |    171 |   1312 |   3 |  599.3 |
       Dungeon |   1798 |   1699 |     99 |    171 |   1312 |   3 |  599.3 |
               +--------+--------+--------+--------+--------+-----+--------+

Top non-repeatable levels by time:
     D:2: 1046 daAuts
     D:1: 595 daAuts
     D:3: 156 daAuts
